SL
NEW AMSTERDAM REPUBLICS @ HOUSTON 1837 BBC
07/20/2022
 
TOP OF THE 1ST
New Amsterdam Republics batting - Pitching for Houston 1837 BBC : RHP Fraser Cuevas
Pitching: RHP Fraser Cuevas
Batting: RHB Doug Reed 0-0: SINGLE (Groundball, 6MD)
Batting: RHB Ed Anderson 0-0: Ball
1-0: Called Strike
1-1: Grounds into double play, U6-3 (Groundball, 6)
Batting: RHB Hank Wilder 0-0: Swinging Strike
0-1: Foul Ball, location: 2F
0-2: Ball
1-2: SINGLE (Line Drive, 6MD)
Batting: RHB Júlio Maldonado 0-0: Ball
1-0: Ball
2-0: Foul Ball, location: 2F
2-1: Called Strike
2-2: Strikes out swinging
Top of the 1st over - 0 run(s), 2 hit(s), 0 error(s), 1 left on base; New Amsterdam 0 - Houston 0
BOTTOM OF THE 1ST
Houston 1837 BBC batting - Pitching for New Amsterdam Republics : RHP Nathaniel Riley
Pitching: RHP Nathaniel Riley
Batting: LHB Jack Robbins 0-0: Ball
1-0: Ball
2-0: Called Strike
2-1: Ground out 4-3 (Groundball, 4)
Batting: RHB Tracy Parker 0-0: Foul Ball, location: 2F
0-1: Called Strike
0-2: Foul Ball, location: 2F
0-2: Ball
1-2: Ball
2-2: Ground out 4-3 (Groundball, 4M)
Batting: RHB Bob Dickerson 0-0: Ball
1-0: Called Strike
1-1: Ground out 6-3 (Groundball, 6)
Bottom of the 1st over - 0 run(s), 0 hit(s), 0 error(s), 0 left on base; New Amsterdam 0 - Houston 0
TOP OF THE 2ND
New Amsterdam Republics batting - Pitching for Houston 1837 BBC : RHP Fraser Cuevas
Batting: LHB Eric Ward 0-0: Called Strike
0-1: Ball
1-1: Ball
2-1: Fly out, F9 (Flyball, 9M)
Batting: RHB Carlos Ortega 0-0: Called Strike
0-1: Foul Ball, location: 2F
0-2: Ball
1-2: Foul Ball, location: 2F
1-2: Ball
2-2: Ground out 6-3 (Groundball, 6)
Batting: RHB Mal Bussard 0-0: Called Strike
0-1: Ball
1-1: Ground out 5-3 (Groundball, 5)
Top of the 2nd over - 0 run(s), 0 hit(s), 0 error(s), 0 left on base; New Amsterdam 0 - Houston 0
BOTTOM OF THE 2ND
Houston 1837 BBC batting - Pitching for New Amsterdam Republics : RHP Nathaniel Riley
Batting: LHB José Marín 0-0: Foul Ball, location: 2F
0-1: Ball
1-1: Swinging Strike
1-2: Ball
2-2: Strikes out looking
Batting: LHB Mark McClear 0-0: Ball
1-0: SINGLE (Groundball, 3S)
Batting: RHB Kumanosuke Abe 0-0: SINGLE (Line Drive, 9S)
Mark McClear to second
Batting: RHB Steve Hinkle 0-0: Called Strike
0-1: Foul Ball, location: 2F
0-2: Ball
1-2: Ball
2-2: Grounds into double play, U5-3 (Groundball, 5L)
Bottom of the 2nd over - 0 run(s), 2 hit(s), 0 error(s), 1 left on base; New Amsterdam 0 - Houston 0
TOP OF THE 3RD
New Amsterdam Republics batting - Pitching for Houston 1837 BBC : RHP Fraser Cuevas
Batting: RHB Takeru Sanu 0-0: Ball
1-0: Called Strike
1-1: Called Strike
1-2: Foul Ball, location: 2F
1-2: Ball
2-2: Ball
3-2: Fly out, F8 (Flyball, 8LXD)
Batting: SHB Todd Hill 0-0: Ball
1-0: Ball
2-0: Ball
3-0: Called Strike
3-1: Foul Ball, location: 2F
3-2: Base on Balls
Batting: RHB Doug Reed 0-0: Ball
1-0: Ball
2-0: Ball
3-0: Called Strike
3-1: Fly out, F8 (Flyball, 8RS)
Batting: RHB Ed Anderson 0-0: Called Strike
0-1: SINGLE (Groundball, 13) (infield hit)
Todd Hill to second
Batting: RHB Hank Wilder 0-0: Ball
1-0: SINGLE (Groundball, 6MD)
Todd Hill to third
Ed Anderson to second
Runner from 3rd tries for Home, SAFE, no throw or cutoff
Batting: RHB Júlio Maldonado 0-0: Foul Ball, location: 2F
0-1: Called Strike
0-2: Fly out, F9 (Flyball, 9M)
Top of the 3rd over - 1 run(s), 2 hit(s), 0 error(s), 2 left on base; New Amsterdam 1 - Houston 0
BOTTOM OF THE 3RD
Houston 1837 BBC batting - Pitching for New Amsterdam Republics : RHP Nathaniel Riley
Batting: RHB Eric Randolph 0-0: Called Strike
0-1: Foul Ball, location: 2F
0-2: Ball
1-2: Foul Ball, location: 2F
1-2: Ball
2-2: Ball
3-2: Base on Balls
Batting: LHB Mike Hanson 0-0: Ball
1-0: SINGLE (Groundball, 4M)
Eric Randolph to second
Batting: LHB Jack Robbins 0-0: Swinging Strike
0-1: Swinging Strike
0-2: Strikes out looking
Batting: RHB Tracy Parker 0-0: Ball
1-0: Called Strike
1-1: Fly out, F7 (Flyball, 7D)
Runner from 2nd tags up, SAFE at 3rd, no throw
Batting: RHB Bob Dickerson 0-0: Ball
1-0: SINGLE (Line Drive, 78S)
Eric Randolph scores
Mike Hanson to second
Batting: LHB José Marín 0-0: Ball
1-0: Fly out, F6 (Popup, 56)
Bottom of the 3rd over - 1 run(s), 2 hit(s), 0 error(s), 2 left on base; New Amsterdam 1 - Houston 1
TOP OF THE 4TH
New Amsterdam Republics batting - Pitching for Houston 1837 BBC : RHP Fraser Cuevas
Batting: LHB Eric Ward 0-0: Foul Ball, location: 2F
0-1: Ball
1-1: Foul Ball, location: 2F
1-2: Strikes out swinging
Batting: RHB Carlos Ortega 0-0: Called Strike
0-1: Foul Ball, location: 2F
0-2: Foul Ball, location: 2F
0-2: Ball
1-2: Foul Ball, location: 2F
1-2: Strikes out looking
Batting: RHB Mal Bussard 0-0: Swinging Strike
0-1: Foul Ball, location: 2F
0-2: Foul Ball, location: 2F
0-2: Ball
1-2: Ball
2-2: Ball
3-2: Fly out, F6 (Line Drive, 56D)
Top of the 4th over - 0 run(s), 0 hit(s), 0 error(s), 0 left on base; New Amsterdam 1 - Houston 1
BOTTOM OF THE 4TH
Houston 1837 BBC batting - Pitching for New Amsterdam Republics : RHP Nathaniel Riley
Batting: LHB Mark McClear 0-0: Called Strike
0-1: Swinging Strike
0-2: SOLO HOME RUN (Flyball, 89XD), Distance : 434 ft
Batting: RHB Kumanosuke Abe 0-0: Ball
1-0: Foul Ball, location: 2F
1-1: Ground out 6-3 (Groundball, 6M)
Batting: RHB Steve Hinkle 0-0: Called Strike
0-1: Foul Ball, location: 2F
0-2: Foul Ball, location: 2F
0-2: Ball
1-2: Fly out, F8 (Flyball, 8RM)
Batting: RHB Eric Randolph 0-0: Fly out, F8 (Popup, 8LS)
Bottom of the 4th over - 1 run(s), 1 hit(s), 0 error(s), 0 left on base; New Amsterdam 1 - Houston 2
TOP OF THE 5TH
New Amsterdam Republics batting - Pitching for Houston 1837 BBC : RHP Fraser Cuevas
Batting: RHB Takeru Sanu 0-0: Fly out, F9 (Flyball, 9LM)
Batting: SHB Todd Hill 0-0: Ball
1-0: Fly out, F7 (Line Drive, 7D)
Batting: RHB Doug Reed 0-0: Called Strike
0-1: Ball
1-1: Swinging Strike
1-2: Ball
2-2: Foul Ball, location: 2F
2-2: Foul Ball, location: 2F
2-2: Strikes out swinging
Top of the 5th over - 0 run(s), 0 hit(s), 0 error(s), 0 left on base; New Amsterdam 1 - Houston 2
BOTTOM OF THE 5TH
Houston 1837 BBC batting - Pitching for New Amsterdam Republics : RHP Nathaniel Riley
Batting: LHB Mike Hanson 0-0: Called Strike
0-1: Ground out 6-3 (Groundball, 6M)
Batting: LHB Jack Robbins 0-0: Fly out, F6 (Popup, 4MD)
Batting: RHB Tracy Parker 0-0: Ball
1-0: Called Strike
1-1: Ball
2-1: Foul Ball, location: 2F
2-2: Ball
3-2: Foul Ball, location: 2F
3-2: Strikes out swinging, 2-3 out at first.
Bottom of the 5th over - 0 run(s), 0 hit(s), 0 error(s), 0 left on base; New Amsterdam 1 - Houston 2
TOP OF THE 6TH
New Amsterdam Republics batting - Pitching for Houston 1837 BBC : RHP Fraser Cuevas
Batting: RHB Ed Anderson 0-0: Called Strike
0-1: Foul Ball, location: 2F
0-2: Ball
1-2: Foul Ball, location: 2F
1-2: Ball
2-2: Ground out 4-3 (Groundball, 4M)
Batting: RHB Hank Wilder 0-0: Called Strike
0-1: Ball
1-1: Called Strike
1-2: SINGLE (Line Drive, 4D)
Batting: RHB Júlio Maldonado 0-0: Ball
1-0: Swinging Strike
1-1: Swinging Strike
1-2: Foul Ball, location: 2F
1-2: Foul Ball, location: 2F
1-2: Strikes out looking
Pitching: RHP Shi-lin Li
Batting: LHB Eric Ward 0-0: Swinging Strike
0-1: Ball
1-1: Foul Ball, location: 2F
1-2: Ball
2-2: Ball
3-2: Ground out 1-3 (Groundball, 15)
Top of the 6th over - 0 run(s), 1 hit(s), 0 error(s), 1 left on base; New Amsterdam 1 - Houston 2
BOTTOM OF THE 6TH
Houston 1837 BBC batting - Pitching for New Amsterdam Republics : RHP Nathaniel Riley
Batting: RHB Bob Dickerson 0-0: Ground out U3 (Groundball, 3S)
Batting: LHB José Marín 0-0: Called Strike
0-1: Ball
1-1: Ground out 4-3 (Groundball, 4)
Batting: LHB Mark McClear 0-0: Called Strike
0-1: Swinging Strike
0-2: Ball
1-2: Ground out 6-3 (Groundball, 6M)
Bottom of the 6th over - 0 run(s), 0 hit(s), 0 error(s), 0 left on base; New Amsterdam 1 - Houston 2
TOP OF THE 7TH
New Amsterdam Republics batting - Pitching for Houston 1837 BBC : RHP Shi-lin Li
Batting: RHB Carlos Ortega 0-0: Ground out 5-3 (Groundball, 15S)
Batting: RHB Mal Bussard 0-0: Foul Ball, location: 2F
0-1: Ball
1-1: Swinging Strike
1-2: Ball
2-2: Strikes out swinging
Batting: RHB Takeru Sanu 0-0: Ball
1-0: Ground out 5-3 (Groundball, 5S)
Top of the 7th over - 0 run(s), 0 hit(s), 0 error(s), 0 left on base; New Amsterdam 1 - Houston 2
BOTTOM OF THE 7TH
Houston 1837 BBC batting - Pitching for New Amsterdam Republics : RHP Nathaniel Riley
Batting: RHB Kumanosuke Abe 0-0: Foul Ball, location: 2F
0-1: Ball
1-1: Ball
2-1: Ball
3-1: Fly out, F8 (Flyball, 8RM)
Batting: RHB Steve Hinkle 0-0: Ball
1-0: SINGLE (Line Drive, 6M)
Batting: RHB Eric Randolph 0-0: Ball
1-0: Ball
2-0: Ball
3-0: Called Strike
3-1: Swinging Strike
3-2: Foul Ball, location: 2F
3-2: DOUBLE (Line Drive, 9LS)
Steve Hinkle to third
Steve Hinkle scores
Batting: LHB Mike Hanson 0-0: Ball
1-0: Foul Ball, location: 2F
1-1: Ball
2-1: Ball
3-1: Base on Balls
Batting: LHB Jack Robbins 0-0: Ball
1-0: Ball
2-0: Called Strike
2-1: Foul Ball, location: 2F
2-2: Foul Ball, location: 2F
2-2: Ball
3-2: Fly out, F6 (Line Drive, 6)
Pinch Hitting: LHB Chris Rice 0-0: Ball
1-0: Swinging Strike
1-1: Ground out 6-3 (Groundball, 6)
Bottom of the 7th over - 1 run(s), 2 hit(s), 0 error(s), 2 left on base; New Amsterdam 1 - Houston 3
TOP OF THE 8TH
New Amsterdam Republics batting - Pitching for Houston 1837 BBC : RHP Shi-lin Li
Now at 1B: Chris Rice
Batting: SHB Todd Hill 0-0: Called Strike
0-1: Foul Ball, location: 2F
0-2: Ball
1-2: Ball
2-2: Strikes out swinging
Batting: RHB Doug Reed 0-0: Ball
1-0: Foul Ball, location: 2F
1-1: Foul Ball, location: 2F
1-2: Foul Ball, location: 2F
1-2: Strikes out swinging
Batting: RHB Ed Anderson 0-0: Foul Ball, location: 2F
0-1: Fly out, F7 (Line Drive, 7M)
Top of the 8th over - 0 run(s), 0 hit(s), 0 error(s), 0 left on base; New Amsterdam 1 - Houston 3
BOTTOM OF THE 8TH
Houston 1837 BBC batting - Pitching for New Amsterdam Republics : RHP Nathaniel Riley
Batting: RHB Bob Dickerson 0-0: Called Strike
0-1: Foul Ball, location: 2F
0-2: Ball
1-2: Foul Ball, location: 2F
1-2: Ball
2-2: Foul Ball, location: 2F
2-2: SINGLE (Flyball, 7S)
Batting: LHB José Marín 0-0: Foul Ball, location: 2F
0-1: Ball
1-1: Fly out, F9 (Flyball, 89M)
Pitching: LHP Michael Rondeau
Batting: LHB Mark McClear 0-0: Ball
1-0: Called Strike
1-1: Ball
2-1: Called Strike
2-2: Ball
3-2: Foul Ball, location: 2F
3-2: SINGLE (Groundball, 4)
Bob Dickerson to second
Bob Dickerson to third
Batting: RHB Kumanosuke Abe 0-0: Swinging Strike
0-1: Ball
1-1: Swinging Strike
1-2: Strikes out swinging
Batting: RHB Steve Hinkle 0-0: Called Strike
0-1: Foul Ball, location: 2F
0-2: Fly out, F3 (Popup, 34)
Bottom of the 8th over - 0 run(s), 2 hit(s), 0 error(s), 2 left on base; New Amsterdam 1 - Houston 3
TOP OF THE 9TH
New Amsterdam Republics batting - Pitching for Houston 1837 BBC : RHP Shi-lin Li
Pitching: RHP Travis Hall
Batting: RHB Hank Wilder 0-0: Called Strike
0-1: Swinging Strike
0-2: Ball
1-2: Ball
2-2: Ball
3-2: Strikes out swinging
Batting: RHB Júlio Maldonado 0-0: Swinging Strike
0-1: Ground out 6-3 (Groundball, 6)
Batting: LHB Eric Ward 0-0: SINGLE (Line Drive, 4MD)
Batting: RHB Carlos Ortega 0-0: Called Strike
0-1: Called Strike
0-2: Foul Ball, location: 2F
0-2: Ball
1-2: Ground out 5-3 (Groundball, 5S)
Top of the 9th over - 0 run(s), 1 hit(s), 0 error(s), 1 left on base; New Amsterdam 1 - Houston 3
This league is powered by Out of the Park Baseball, the baseball management simulation game for PC, Mac and Linux
Friday, April 15th, 2016 - OOTP Baseball 16.9 Build 39